 Dungeon Crawl Stone Soup version 0.28.0-43-g3370ac3207 (webtiles) character file.

Game seed: 8069040569932611387

62744 pkoi the Zephyrmancer (level 14, -5/118 HPs)
             Began as a Demigod Air Elementalist on Apr 1, 2022.
             Slain by a +4 long sword (21 damage)
             ... on level 12 of the Dungeon.
             The game lasted 00:53:57 (42437 turns).

pkoi the Zephyrmancer (Demigod Air Elementalist)   Turns: 42437, Time: 00:53:58

Health: -5/118     AC: 12    Str: 15    XL:     14   Next: 28%
Magic:  26/32      EV: 16    Int: 33    God:
Gold:   1430       SH:  0    Dex: 14    Spells: 21/31 levels left

rFire   . . .      SeeInvis .   O - +8 arc blade {discharge, rElec}
rCold   . . .      Faith    .   (no shield)
rNeg    . . .      Spirit   .   k - +0 steam dragon scales
rPois   .          Reflect  .   b - +2 helmet
rElec   +          Harm     .   r - +0 cloak
rCorr   .          Rampage  .   P - +0 pair of gloves
Will    +....                   L - +1 pair of boots
Stlth   ++........              j - amulet of regeneration
HPRegen 1.09/turn               z - +6 ring of strength
MPRegen 0.23/turn               (no ring)

@: no status effects
A: high MP 1, forlorn, divine attributes
a: no special abilities


You were on level 12 of the Dungeon.
You visited 3 branches of the dungeon, and saw 20 of its levels.
You also visited: Bailey.

You collected 1430 gold pieces.

Inventory:

Hand Weapons
 c - a +0 spectral dagger
 i - a +1 dagger of venom
 O - the +8 arc blade (weapon) {discharge, rElec}
   (You found it on level 6 of the Lair of Beasts)

   It occasionally unleashes powerful arcs of lightning upon striking a foe.
   These may arc to other adjacent creatures (including the wielder, but dealing
   reduced damage to them) before grounding out.
   rElec:     It insulates you from electricity.
Missiles
 D - 2 curare-tipped darts
 I - a throwing net
Armour
 b - a +2 helmet (worn)
 k - +0 steam dragon scales (worn)
 r - a +0 cloak (worn)
 L - a +1 pair of boots (worn)
 P - a +0 pair of gloves (worn)
Magical Staves
 a - a staff of air
Jewellery
 j - an amulet of regeneration (around neck)
 u - a ring of ice
 z - a +6 ring of strength (left hand)
Wands
 d - a wand of polymorph (10)
 g - a wand of flame (50)
 m - a wand of mindburst (8)
 p - a wand of iceblast (14)
 B - a wand of digging (7)
 C - a wand of acid (6)
 E - a wand of paralysis (5)
Scrolls
 e - a scroll of summoning
 l - 6 scrolls of teleportation
 n - 2 scrolls of enchant armour
 o - 12 scrolls of identify
 t - 2 scrolls of enchant weapon
 v - a scroll of silence
 y - a scroll of brand weapon
 G - a scroll of magic mapping
 H - a scroll of acquirement
 M - a scroll of fear
 N - 2 scrolls of blinking
Potions
 h - 2 potions of berserk rage
 q - 3 potions of brilliance
 s - 10 potions of curing
 w - a potion of resistance
 x - 2 potions of haste
 A - a potion of flight
 F - 3 potions of magic
 J - a potion of cancellation
 K - 2 potions of might
 Q - a potion of heal wounds


   Skills:
 + Level 9.3 Fighting
 + Level 9.6 Dodging
 - Level 1.7 Stealth
 + Level 9.2 Unarmed Combat
 + Level 9.3 Spellcasting
 - Level 0.8 Conjurations
 * Level 14.8 Air Magic
 - Level 5.0 Evocations


You had 21 spell levels left.
You knew the following spells:

 Your Spells              Type           Power      Damage    Failure   Level
a - Shock                 Conj/Air       100%       1d9       1%          1
b - Static Discharge      Conj/Air       61%        N/A       1%          2
c - Swiftness             Air            85%        N/A       1%          3
d - Airstrike             Air            42%        N/A       1%          4

Your spell library contained the following spells:

 Spells                   Type           Power      Damage    Failure   Level
 Magic Dart               Conj           84%        1d7       2%          1
 Searing Ray              Conj           42%        2d6       3%          2
 Stone Arrow              Conj/Erth      36%        3d9       8%          3
 Frozen Ramparts          Ice            30%        1d5       9%          3
 Tukima's Dance           Hex            15%        N/A       9%          3
 Fulminant Prism          Conj/Hex       9%         3d7       26%         4
 Anguish                  Hex/Necr       7%         N/A       30%         4
 Animate Armour           Summ/Erth      30%        N/A       30%         4
 Ice Form                 Ice/Tmut       15%        N/A       30%         4
 Summon Ice Beast         Ice/Summ       15%        N/A       30%         4
 Enfeeble                 Hex            7%         N/A       100%        7
 Lehudib's Crystal Spear  Conj/Erth      9%         10d4      100%        8


Dungeon Overview and Level Annotations

Branches:
Dungeon (13/15)            Temple (1/1) D:4            Lair (6/6) D:9
  Swamp (0/4) Lair:3       Spider (0/4) Lair:3        Slime (0/5) Lair:5
    Orc (0/2) D:9          Vaults (0/5) D:13         Bailey (visited)

Shops:
D:9 :

Annotations:
D:9 1 runed translucent door
Lair:4 2 transporters


Innate Abilities, Weirdness & Mutations

You have an increased reservoir of magic. (+10% MP)
You shall have no god before yourself.
Your divine heritage dramatically boosts your attributes as you level up.


Message History

The +4 long sword hits you but does no damage.
The air twists around and strikes the +4 long sword!
The +4 long sword is moderately damaged.
The centaur warrior shouts!
The centaur warrior wields a +0 longbow.
The centaur warrior shoots an arrow.
The arrow misses you. The +4 long sword hits you.
The centaur warrior shoots an arrow.
The arrow hits you!!
* * * LOW HITPOINT WARNING * * *
The +4 long sword hits you!
* * * LOW HITPOINT WARNING * * *
The +4 long sword hits you!
* * * LOW HITPOINT WARNING * * *
The +4 long sword hits you.
* * * LOW HITPOINT WARNING * * *
The +4 long sword hits you.
* * * LOW HITPOINT WARNING * * *
The +4 long sword hits you.
* * * LOW HITPOINT WARNING * * *
The +4 long sword hits you!
* * * LOW HITPOINT WARNING * * *
The +4 long sword completely misses you.
The +4 long sword hits you!
* * * LOW HITPOINT WARNING * * *
The +4 long sword hits you.
* * * LOW HITPOINT WARNING * * *
There is a stone staircase leading up here.
The +4 long sword hits you!
* * * LOW HITPOINT WARNING * * *
The +4 long sword hits you!
* * * LOW HITPOINT WARNING * * *
You climb upwards.
There is a stone staircase leading down here.
Aiming: Airstrike (safe; 1% risk of failure)
Press: ? - help, Q - select action, (/) - cycle Dir - move target, f - +4 long sword
Aim: a +4 long sword (lightly damaged, empty space bonus: 3/8)
The air twists around and strikes the +4 long sword!
The +4 long sword is moderately damaged.
The +4 long sword closely misses you. The +4 long sword hits you!!
You die...

#.#......##########.#
#.#......##.[).# #.#
#.#......##.##[####.#
######.#......##.##......######
#............##...............###
#.##.........##..................
#.#..........##....^.....####.##.
#.#..#.#########.#######.# #.##.
#.#..#..[.......@(.......# #.##.
#.##.###########.######..# ##....
............# #.........# #...#.
####.######[##########...###.....
#<# #.##................... ###
#.##.########..###.<... #.##.#
####'######.. #.##.#
#............
#.##.######.........#..


You could see a +4 long sword.

Vanquished Creatures
  A dire elephant (Lair:6)
  Erolcha (D:9)
  Harold (Lair:2)
  A boulder beetle (Lair:3)
  7 hydras
  2 catoblepae
  Erica (D:11)
  6 two-headed ogres
  14 death yaks
  A tengu warrior (D:8)
  A deep troll shaman (Lair:6)
  Sonja (Lair:1)
  2 bog bodies (Lair:3)
  A deep elf pyromancer (D:12)
  A manticore (D:8)
  4 black mambas
  17 elephants
  2 gargoyles
  8 cane toads
  8 komodo dragons
  3 rime drakes
  2 kobold demonologists
  An efreet (D:9)
  4 trolls
  5 polar bears
  A hornet (D:8)
  A slime creature (D:8)
  15 blink frogs
  A meliai zombie (D:6)
  47 yaks
  A shadow (D:7)
  6 wyverns
  A wraith (D:12)
  4 steam dragons
  5 basilisks
  4 wargs
  4 acid dragons
  13 water moccasins
  10 orc warriors
  3 sky beasts
  6 black bears
  2 necrophages
  8 ogres
  22 wolves
  10 centaurs
  10 bullfrogs
  A gnoll sergeant (D:8)
  A wyvern skeleton (D:6)
  8 scorpions
  2 wyvern zombies
  12 wights
  3 electric eels (Lair:6)
  4 howler monkeys
  A bullfrog zombie (D:5)
  4 centaur zombies
  7 hounds
  2 centaur skeletons
  7 orc priests
  A jelly (D:5)
  A bullfrog skeleton (D:5)
  A gnoll shaman (D:8)
  Terence (D:2)
  An iguana (D:5)
  Natasha (thrice) (D:4)
  13 orc wizards
  3 howler monkey zombies
  6 gnolls
  7 adders
  A shadow imp (D:8)
  7 worms
  A dart slug (D:3)
  65 orcs
  5 endoplasms
  2 giant cockroaches
  10 goblins
  16 hobgoblins
  3 jackals (D:2)
  4 quokkas
  6 ball pythons
  5 bats (D:1)
  A frilled lizard (D:2)
  10 kobolds
  6 rats
500 creatures vanquished.

Vanquished Creatures (others)
  56 fungi
  100 plants
156 creatures vanquished.

Grand Total: 656 creatures vanquished

Notes
Turn   | Place    | Note
-------+----------+-------------------------------------------
     0 | D:1      | pkoi the Demigod Air Elementalist began the quest for the
                  | Orb.
     0 | D:1      | Reached XP level 1. HP: 14/14 MP: 5/5
   111 | D:1      | Reached skill level 3 in Air Magic
   296 | D:1      | Reached XP level 2. HP: 18/20 MP: 4/7
   300 | D:1      | Learned a level 2 spell: Static Discharge
   437 | D:1      | You fall into a shaft and drop 1 floor!
   737 | D:2      | Noticed Terence
   975 | D:2      | Killed Terence
   976 | D:2      | Reached skill level 4 in Air Magic
   976 | D:2      | Reached XP level 3. HP: 26/26 MP: 1/8
  1823 | D:1      | Reached XP level 4. HP: 33/33 MP: 1/9
  2903 | D:3      | Learned a level 3 spell: Swiftness
  3039 | D:3      | Reached skill level 5 in Air Magic
  3582 | D:3      | Identified the +0 hand axe "Sogrum" {vamp, Dex+2}
  3962 | D:4      | Noticed a bullfrog
  3968 | D:4      | Killed a bullfrog
  3969 | D:4      | Reached XP level 5. HP: 38/38 MP: 4/11
  4103 | D:4      | Noticed an ogre
  4108 | D:4      | Noticed Natasha
  4111 | D:4      | Killed an ogre
  4130 | D:4      | Killed Natasha
  4219 | D:4      | Reached XP level 6. HP: 45/45 MP: 11/13
  4224 | D:4      | Learned a level 4 spell: Airstrike
  4317 | D:4      | Reached skill level 6 in Air Magic
  4466 | D:4      | Noticed Natasha
  4472 | D:4      | Killed Natasha
  4612 | D:4      | Found a staircase to the Ecumenical Temple.
  4663 | D:4      | Noticed Natasha
  4673 | D:4      | Killed Natasha
  5196 | Temple   | Entered the Ecumenical Temple
  5297 | D:5      | Entered Level 5 of the Dungeon
  5705 | D:5      | Reached XP level 7. HP: 49/50 MP: 6/15
  6068 | D:5      | Reached skill level 7 in Air Magic
  7136 | D:5      | Reached skill level 1 in Fighting
  7136 | D:5      | Reached skill level 1 in Unarmed Combat
  7136 | D:5      | Reached skill level 1 in Evocations
  7929 | D:6      | Reached XP level 8. HP: 60/60 MP: 8/17
  9310 | D:7      | Reached skill level 8 in Air Magic
  9365 | D:7      | Noticed a troll
  9368 | D:7      | Killed a troll
 10063 | D:7      | Reached XP level 9. HP: 69/69 MP: 2/19
 11580 | D:8      | Noticed a two-headed ogre
 11634 | D:7      | Killed a two-headed ogre
 11635 | D:7      | Reached skill level 5 in Spellcasting
 11635 | D:7      | Reached skill level 9 in Air Magic
 13143 | D:7      | Reached XP level 10. HP: 37/79 MP: 1/21
 13270 | D:8      | Noticed a tengu warrior
 13288 | D:8      | Killed a tengu warrior
 13289 | D:8      | Reached skill level 5 in Dodging
 13877 | D:8      | Noticed a manticore
 13892 | D:8      | Killed a manticore
 13894 | D:8      | Identified the +0 robe "Icetytzio" {rC+}
 13913 | D:8      | Reached skill level 10 in Air Magic
 14546 | D:8      | Reached skill level 5 in Fighting
 15006 | D:9      | Reached skill level 5 in Unarmed Combat
 15075 | D:9      | Found Baucs's Book Shop.
 15569 | D:9      | Found a staircase to the Orcish Mines.
 15585 | D:9      | Noticed a two-headed ogre
 15931 | D:9      | Found a staircase to the Lair.
 15931 | D:9      | Noticed an elephant
 15972 | D:8      | Killed an elephant
 16462 | D:9      | Noticed a two-headed ogre
 16639 | D:8      | Killed a two-headed ogre
 16640 | D:8      | Reached XP level 11. HP: 74/88 MP: 4/24
 18421 | D:9      | Noticed a deep elf knight
 18421 | D:9      | Noticed a centaur warrior
 18421 | D:9      | Noticed an orc knight
 18422 | D:9      | Found a runed translucent door.
 18424 | D:9      | Noticed a harpy
 18424 | D:9      | Noticed an ogre mage
 18424 | D:9      | Noticed a centaur warrior
 18424 | D:9      | Noticed a four-headed hydra
 18424 | D:9      | Noticed a deep elf knight
 18464 | D:10     | Entered Level 10 of the Dungeon
 18464 | D:10     | Noticed a two-headed ogre
 18468 | D:10     | Killed a two-headed ogre
 18469 | D:10     | Reached skill level 5 in Evocations
 18756 | D:10     | Found a flagged portal.
 18771 | Bailey   | Entered a bailey
 18890 | Bailey   | Reached skill level 11 in Air Magic
 19358 | D:10     | Noticed a two-headed ogre
 19772 | D:10     | Killed a two-headed ogre
 20170 | D:9      | Noticed Erolcha
 20176 | D:9      | Killed Erolcha
 20805 | D:9      | Killed a two-headed ogre
 20910 | Lair:1   | Entered Level 1 of the Lair of Beasts
 20910 | Lair:1   | Noticed Sonja
 20912 | Lair:1   | Killed Sonja
 21113 | Lair:1   | Identified the +2 dagger "Jaxalic" {pain, Fragile rN+++
                  | rCorr Int-2}
 21163 | Lair:1   | Noticed a six-headed hydra
 21168 | Lair:1   | Killed a six-headed hydra
 22355 | Lair:1   | Reached XP level 12. HP: 97/97 MP: 17/27
 22853 | Lair:1   | Reached skill level 12 in Air Magic
 24604 | Lair:2   | Noticed Harold
 24624 | Lair:2   | Killed Harold
 26443 | Lair:3   | Noticed a four-headed hydra
 26448 | Lair:3   | Killed a four-headed hydra
 27065 | Lair:3   | Found a hole to the Spider Nest.
 27094 | Lair:3   | Noticed a boulder beetle
 27119 | Lair:3   | Killed a boulder beetle
 27520 | Lair:3   | Found a staircase to the Swamp.
 28256 | Lair:4   | Reached skill level 13 in Air Magic
 28762 | Lair:4   | Found a transporter.
 28763 | Lair:4   | Found a transporter.
 28766 | Lair:4   | You fall into a shaft and drop 1 floor!
 28919 | Lair:5   | Found a staircase to the Slime Pits.
 28955 | Lair:4   | Reached XP level 13. HP: 107/107 MP: 12/29
 29725 | Lair:4   | Identified the +2 war axe "Myima" {venom, rPois rC+}
 30621 | Lair:5   | Identified a scroll of acquirement
 31514 | Lair:6   | Entered Level 6 of the Lair of Beasts
 34975 | Lair:5   | Reached skill level 14 in Air Magic
 38216 | Lair:6   | Reached XP level 14. HP: 108/116 MP: 0/31
 38873 | Lair:6   | HP: 4/118 [death yak (19)]
 39471 | Lair:6   | Found the +8 arc blade {discharge, rElec}
 40175 | D:11     | Noticed Erica
 40187 | D:11     | Killed Erica
 42425 | D:13     | Found a gate to the Vaults.
 42437 | D:12     | Slain by a +4 long sword

Illustrated notes

Levels and vault maps discovered:
D:1:      lightli_arrival_maybe_door_vault, layout_loops_corners,
          basic_ecumenical_altar, chequers_serial_rivers_large_a, st_stairs_3
D:2:      layout_rooms, kennysheep_path_1, minmay_misc_feat_hallway,
          uniq_terence
D:3:      corexii_shack_village, layout_loops_ring
D:4:      layout_loops_ring, grunt_dithmenos_smoke_and_mirrors,
          minmay_temple_entry_mist, kennysheep_small_spiral, uniq_natasha
D:5:      layout_gridville
D:6:      layout_basic
D:7:      layout_basic, mainiacjoe_overflow_24_doors
D:8:      minmay_quarter_circles, layout_rooms, mainiacjoe_overflow_alcove_3
D:9:      minmay_gate_of_8, layout_basic, david_lair_generic, david_orc_3,
          serial_shops, shop, minivault_20, uniq_erolcha
D:10:     layout_roguey [special_room_orc], general_overflow_altar,
          enter_bailey_5
D:11:     layout_stronghold, kennysheep_generic_room_10, uniq_erica
D:12:     layout_basic
D:13:     layout_cave_pods, erik_vaults_1, enter_trove_1,
          portal_ice_cave_entry_animals_and_master
Temple:   eino_wide_crystal_templ
Lair:1:   layout_roguey, grunt_megastairs_4, uniq_sonja
Lair:2:   beast_lair_carwin_large_4, layout_cave_shapes,
          nicolae_lair_grazing_beasts [nicolae_sub_lair_graze_edge,
          nicolae_sub_lair_graze_edge, nicolae_sub_lair_graze_edge,
          nicolae_sub_lair_graze_edge], uniq_harold
Lair:3:   layout_loops_ring, skrybe_swamp_entry_bodies,
          nicolae_spider_entry_non_spiders, grunt_megastairs_2,
          lemuel_fruit_fields
Lair:4:   gammafunk_boulding_lane, layout_loops_ring, minmay_stone_trees_small
Lair:5:   layout_regular_city, dpeg_slime_entry_enclosed_altar
Lair:6:   grunt_lair_end_beastmaster, layout_small_grid, disabler_island

Skill      XL: |  1  2  3  4  5  6  7  8  9 10 11 12 13 14 |
---------------+-------------------------------------------+-----
Air Magic      | 3 4 5 6 7 8 9 10 11 13 14 | 14.8
Spellcasting   | 2 3 4 5 6 7 8 9 |  9.3
Dodging        | 2 3 4 5 7 8 9 |  9.6
Fighting       | 1 3 4 5 6 7 8 9 |  9.3
Unarmed Combat | 1 3 4 5 6 7 8 9 |  9.2
Evocations     | 1 3 4 5 |  5.0
Stealth        | |  1.7
Conjurations   | |  0.8

Action                   |  1- 3 |  4- 6 |  7- 9 | 10-12 | 13-15 || total
-------------------------+-------+-------+-------+-------+-------++-------
Melee: Dagger            |    30 |    18 |    31 |    94 |    92 ||   265
       Punch             |       |       |     2 |     7 |    11 ||    20
       Staff             |       |       |       |    12 |       ||    12
       Unarmed           |       |       |       |    11 |       ||    11
       Rapier            |       |       |       |       |    18 ||    18
 Cast: Shock             |    78 |   149 |     3 |     1 |       ||   231
       Airstrike         |       |       |   150 |   431 |   428 ||  1009
       Static Discharge  |       |       |       |    23 |     1 ||    24
Evoke: Wand              |       |       |     3 |     6 |       ||     9
  Use: Scroll            |     5 |     5 |     2 |     4 |     5 ||    21
       Potion            |       |     4 |     5 |       |       ||     9
 Stab: Sleeping          |     2 |     1 |       |       |       ||     3
       Distracted        |     2 |     1 |     2 |     2 |       ||     7
Armor: Robe              |     6 |     8 |     9 |       |       ||    23
       Skin              |     5 |       |       |       |       ||     5
       Steam dragon scal |       |       |    11 |    89 |   104 ||   204
Dodge: Dodged            |    21 |    31 |    43 |   225 |   186 ||   506
